 Dungeon Crawl Stone Soup version 0.28-a0-604-g249bb1af34 (webtiles) character file.

Game seed: 11843609805126809028

1681059 iamserjio the Wrestler (level 25, 195/195 HPs)
             Began as an Octopode Wanderer on Oct 5, 2021.
             Was a High Priest of Okawaru.
             Escaped with the Orb
             ... and 3 runes!
             The game lasted 01:28:23 (62504 turns).

iamserjio the Wrestler (Octopode Wanderer)         Turns: 62504, Time: 01:28:24

Health: 195/195    AC:  8    Str: 23    XL:     25   Next: 29%
Magic:  35/35      EV: 33    Int: 25    God:    Okawaru [*****.]
Gold:   3441       SH: 23    Dex: 23    Spells: 8/40 levels left

rFire   + + +      SeeInvis .     - Unarmed
rCold   + . .      Faith    .   o - +5 kite shield {AC+3}
rNeg    . . .      Spirit   .   d - +2 hat {Will+}
rPois   .          Reflect  +   L - amulet of reflection
rElec   .          Harm     .   f - +4 ring of evasion
rCorr   +          Rampage  .   W - ring of protection from cold
Will    ++++.                   K - +6 ring of intelligence
Stlth   +.........              R - +6 ring of dexterity
HPRegen 0.42/turn               b - +4 ring of evasion
MPRegen 0.24/turn               a - ring "Aleov" {Will+ rCorr Dex+4 Slay+2}
                                I - ring of protection from fire
                                h - ring of Aceakhlue {rF++ Will+ Str+6}

@: no status effects
A: almost no armour, amphibious, 8 rings, camouflage 1, gelatinous body 1,
(nimble swimmer 1), tentacles, antennae 1, iridescent scales 1, screaming 1,
wild magic 1
0: Orb of Zot
}: 3/15 runes: barnacled, slimy, gossamer
a: Renounce Religion, Heroism, Finesse, Duel


You escaped.
You worshipped Okawaru.
Okawaru was extremely pleased with you.
You visited 9 branches of the dungeon, and saw 48 of its levels.
You also visited: Bailey and Volcano.

You collected 4928 gold pieces.
You spent 1487 gold pieces at shops.

Inventory:

Missiles
 j - 10 curare-tipped darts
 t - 4 throwing nets (quivered) {!f}
Armour
 d - a +2 hat of willpower (worn)
 o - a +5 kite shield of protection (worn)
Jewellery
 a - the ring "Aleov" (on tentacle) {Will+ rCorr Dex+4 Slay+2}
   (You found it on level 5 of the Lair of Beasts)

   [ring of willpower]

   Dex:       It affects your dexterity (+4).
   Slay:      It affects your accuracy & damage with ranged weapons and melee
   (+2).
   rCorr:     It protects you from acid and corrosion.
   Will:      It increases your willpower.
 b - a +4 ring of evasion (on tentacle)
 f - a +4 ring of evasion (left tentacle)
 h - the ring of Aceakhlue (on tentacle) {rF++ Will+ Str+6}
   (You acquired it on level 3 of the Spider Nest)

   [ring of strength]

   Str:       It affects your strength (+6).
   rF:        It greatly protects you from fire.
   Will:      It increases your willpower.
 q - a ring of wizardry
 r - a +6 ring of intelligence
 A - a ring of see invisible
 E - the ring of Somietag {Fly Will+}
   (You found it on level 2 of the Elven Halls)

   [ring of flight]

   Fly:       It grants you flight.
   Will:      It increases your willpower.
 I - a ring of protection from fire (on tentacle)
 K - a +6 ring of intelligence (on tentacle)
 L - an amulet of reflection (around mantle)
 Q - a +4 ring of protection
 R - a +6 ring of dexterity (on tentacle)
 W - a ring of protection from cold (right tentacle)
Wands
 e - a wand of mindburst (25)
 l - a wand of iceblast (7) {@v2}
 v - a wand of paralysis (18)
 w - a wand of polymorph (26)
 H - a wand of digging (16) {@v3}
 N - a wand of acid (28) {@v1}
 P - a wand of flame (68)
Scrolls
 c - 5 scrolls of fog
 n - 3 scrolls of immolation
 s - 6 scrolls of fear
 u - 7 scrolls of holy word
 x - 16 scrolls of identify {@r1}
 y - 3 scrolls of amnesia
 G - 5 scrolls of vulnerability
 O - 11 scrolls of teleportation {@r3}
 T - 3 scrolls of silence
Potions
 g - 6 potions of resistance {@q5}
 i - 11 potions of ambrosia
 k - a potion of brilliance
 m - a potion of haste {@q4}
 p - 2 potions of might {@q3}
 z - 7 potions of lignification
 B - a potion of magic
 C - 5 potions of heal wounds {@q2}
 F - 8 potions of berserk rage
 J - 16 potions of curing {@q1}
 M - 3 potions of flight
 X - 5 potions of mutation
 Y - a potion of cancellation
 Z - a potion of invisibility
Miscellaneous
 D - a tin of tremorstones (2/2)
 S - a phial of floods
 V - a lightning rod (4/4)


   Skills:
 - Level 22.0 Fighting
 - Level 2.0 Crossbows
 - Level 1.0 Throwing
 - Level 15.0 Dodging
 - Level 1.3 Stealth
 - Level 10.0 Shields
 - Level 23.0 Unarmed Combat
 - Level 8.0 Spellcasting
 - Level 1.0 Hexes
 - Level 5.0 Translocations
 - Level 13.0 Transmutations
 - Level 11.0 Earth Magic
 - Level 9.0 Invocations
 * Level 15.8 Evocations


You had 8 spell levels left.
You knew the following spells:

 Your Spells              Type           Power      Damage    Failure   Level
a - Silence               Hex/Air        8%         N/A       97%         5
b - Statue Form           Tmut/Erth      49%        N/A       19%         6
c - Borgnjor's Vile Clut  Necr/Erth      24%        N/A       41%         5
d - Storm Form            Tmut/Air       26%        N/A       100%        7
e - Apportation           Tloc           90%        N/A       3%          1
f - Blink                 Tloc           N/A        N/A       4%          2
g - Swiftness             Air            13%        N/A       43%         3
h - Lesser Beckoning      Tloc           45%        N/A       7%          3

Your spell library contained the following spells:

 Spells                   Type           Power      Damage    Failure   Level
 Sting                    Tmut/Pois      100%       1d8       1%          1
 Petrify                  Tmut/Erth      74%        N/A       1%          4
 Spider Form              Tmut/Pois      26%        N/A       4%          3
 Gell's Gravitas          Tloc           22%        N/A       7%          3
 Teleport Other           Tloc           45%        N/A       7%          3
 Ignite Poison            Fire/Tmut/Pois 41%        N/A       10%         3
 Portal Projectile        Hex/Tloc       64%        N/A       14%         3
 Foxfire                  Conj/Fire      52%        2x1d6     17%         1
 Magic Dart               Conj           52%        1d5       17%         1
 Shock                    Conj/Air       52%        1d6       17%         1
 Ensorcelled Hibernation  Hex/Ice        32%        N/A       21%         2
 Passage of Golubria      Tloc           N/A        N/A       21%         4
 Corpse Rot               Necr/Air       N/A        N/A       24%         2
 Poisonous Vapours        Pois/Air       26%        N/A       24%         2
 Scorch                   Fire           26%        2d6       24%         2
 Searing Ray              Conj           26%        2d5       24%         2
 Alistair's Intoxication  Tmut/Pois      35%        N/A       30%         5
 Dazzling Flash           Conj/Hex       32%        N/A       36%         3
 Inner Flame              Hex/Fire       16%        N/A       36%         3
 Conjure Flame            Conj/Fire      13%        6-21      43%         3
 Mephitic Cloud           Conj/Pois/Air  13%        N/A       43%         3
 Iskenderun's Mystic Bla  Conj/Tloc      29%        2d7       47%         4
 Manifold Assault         Tloc           45%        N/A       47%         5
 Fulminant Prism          Conj/Hex       8%         3d7       75%         4
 Airstrike                Air            6%         N/A       82%         4
 Dispel Undead            Necr           13%        3d9       82%         4
 Hailstorm                Conj/Ice       13%        3d5       82%         4
 Olgreb's Toxic Radiance  Pois           13%        N/A       82%         4
 Sticky Flame             Conj/Fire      13%        2d4       82%         4
 Metabolic Englaciation   Hex/Ice        8%         N/A       97%         5
 Agony                    Necr           13%        N/A       98%         5
 Fireball                 Conj/Fire      6%         3d5       98%         5
 Freezing Cloud           Conj/Ice/Air   6%         6-21      98%         5
 Iskenderun's Battlesphe  Conj           13%        2d7       98%         5
 Invisibility             Hex            9%         N/A       100%        6
 Starburst                Conj/Fire      6%         6d4       100%        6
 Orb of Destruction       Conj           6%         9d3       100%        7
 Maxwell's Capacitive Co  Air            6%         ∞         100%        8
 Necromutation            Tmut/Necr      26%        N/A       100%        8
 Animate Dead             Necr           Unusable   N/A       N/A         4
 Summon Lightning Spire   Summ/Air       Unusable   N/A       N/A         4
 Death Channel            Necr           Unusable   N/A       N/A         6
 Malign Gateway           Summ/Tloc      Unusable   N/A       N/A         7

Dungeon Overview and Level Annotations

Branches:
Dungeon (15/15)            Temple (0/1) D:6            Lair (6/6) D:10
 Shoals (4/4) Lair:3       Spider (4/4) Lair:2        Slime (5/5) Lair:5
    Orc (2/2) D:12            Elf (3/3) Orc:2        Vaults (0/5) D:13
 Depths (4/4) D:15            Zot (5/5) Depths:4     Bailey (visited)
Volcano (visited)

Altars:
Dithmenos
Gozag
Makhleb
Okawaru
Vehumet
The Shining One
Jiyva

Shops:
D:13 [   Orc:1 (   Orc:2 =(*[   Shoals:2 [   Shoals:4 :   Depths:3 ((:

Portals:
Hell: Lair:6 Depths:1 Depths:2 Depths:3 Depths:4
Abyss: Depths:3
Pandemonium: Depths:2 Depths:4
Ziggurat: Depths:3

Annotations:
D:6 2 runed translucent doors
Orc:1 6 runed translucent doors
Elf:2 exclusion: 3 doors


Innate Abilities, Weirdness & Mutations

You cannot wear most types of armour.
You are amphibious.
You can wear up to eight rings at the same time.
Your skin changes colour to match your surroundings (Stealth+).
Your rubbery body absorbs attacks. (AC +1, EV +1)
((You are camouflaged near water. (Stealth+)))
You have tentacles for arms and can constrict up to eight enemies at once.
You have a pair of small antennae on your head.
You are partially covered in iridescent scales. (AC +2)
You occasionally shout uncontrollably at your foes.
Your spells are a little harder to cast, but a little more powerful.


Message History

(N) Spider Nest (M) Slime Pits (O) Orcish Mines (E) Elven Halls (V) Vaults (U) Depths (H) Hell (Z) Zot
Where to? (Enter - D:1, ? - help)
An Orb Guardian comes into view.
You block the Orb Guardian's attack.
You batter the Orb Guardian!!
Your tentacle-slap misses the Orb Guardian.
The Orb Guardian hits you.
You tentacle-slap the Orb Guardian but do no damage.
You squeeze the Orb Guardian! You block the Orb Guardian's attack.
You closely miss the Orb Guardian. Your squeeze misses the Orb Guardian.
You block the Orb Guardian's attack.
You barely miss the Orb Guardian. You squeeze the Orb Guardian!
You block the Orb Guardian's attack.
You thrash the Orb Guardian!!!!
You kill the Orb Guardian!
Okawaru accepts your kill. Okawaru grants you ammunition!
Something appears before you!
You feel like a meek peon again.
There is a stone staircase leading up here.
You climb upwards.
There is a stone staircase leading down here.
(D) Dungeon (T) Temple (L) Lair (A) Shoals (N) Spider Nest (M) Slime Pits (O) Orcish Mines (E) Elven Halls (V) Vaults (U) Depths (H) Hell (Z) Zot
Where to? (Enter - D:1, ? - help)
You see here a +0 ring mail.
There is a stone staircase leading up here.
You climb upwards.
There is a stone staircase leading down here.
There is a stone staircase leading up here.
You climb upwards.
There is a stone staircase leading down here.
Your transformation is almost over.
You revert to your normal fleshy form.
HP restored.
There is an open gate here.
There is a staircase leading out of the dungeon here.
You have escaped!

♣...##.#.######.#
♣...##.#.........
♣...##.###......#
♣♣...##...'......#
♣.....#####......#
♣♣......## #......#
♣.8..8..8##########
♣♣........'.#
♣..@......'.########
♣♣........'.........
♣.8..8..8#.########
♣.......##.#.......
♣......##........##
♣♣....###..#.###.##
♣....# #..#.# #.##
♣♣...# #..#.###.##
♣♣..# #..#.......


There were no monsters in sight!

Vanquished Creatures
  the Royal Jelly (Slime:5)
  7 orbs of fire
  A dread lich (Zot:5)
  4 ancient liches (Zot:5)
  Boris (Depths:4)
  Saint Roka (Depths:3)
  3 Killer Klowns (Zot:5)
  Bai Suzhen (Shoals:4)
  3 curse toes
  3 golden dragons
  A bone dragon (Depths:4)
  A pandemonium lord (Zot:1)
  A Tzitzimitl (Depths:2)
  3 electric golems
  Jorgrun (Shoals:1)
  Rupert (D:12)
  An Ice Fiend (Depths:2)
  10 tentacled monstrosities
  Mlioglotl (Shoals:4)
  2 liches
  28 Orb Guardians
  2 deep elf blademasters (Elf:3)
  A walking divine tome (Depths:2)
  2 deep elf master archers (Elf:3)
  14 acid blobs
  4 quicksilver dragons
  2 death cobs
  Polyphemus (Shoals:4)
  A tengu reaver (Depths:3)
  3 shadow dragons
  Ilsuiw (Shoals:2)
  Kirke (Shoals:4)
  Roxanne (D:15)
  2 draconian monks
  12 rockslimes
  6 storm dragons
  4 draconian knights
  6 azure jellies
  4 deep elf sorcerers (Elf:3)
  An orc warlord (Orc:2)
  A draconian scorcher (Zot:1)
  2 vault wardens (Orc:1)
  3 frost giants
  4 draconian shifters
  7 emperor scorpions
  7 fire giants
  A balrug (Depths:2)
  Louise (Shoals:3)
  5 ghost moths
  4 spriggan defenders (Depths:4)
  A cacodemon (D:15)
  5 draconian stormcallers
  A deep elf elementalist (Elf:3)
  6 draconian annihilators
  7 quicksilver oozes
  20 very ugly things
  7 stone giants
  A vampire knight (Depths:3)
  7 green draconians
  2 entropy weavers
  5 dire elephants (Depths:3)
  23 spark wasps
  7 black draconians
  A black sun (Zot:1)
  2 lorocyprocas
  3 yellow draconians
  5 deep elf demonologists (Elf:3)
  3 deep elf annihilators (Elf:3)
  10 purple draconians
  4 red draconians
  9 white draconians
  3 deep elf death magi
  3 merfolk javelineers
  7 ettins
  11 merfolk impalers
  A yaktaur captain (Depths:4)
  4 great orbs of eyes
  4 fire dragons
  Fannar (D:12)
  4 deep elf high priests
  The ghost of hofbold the Cleaver, a journeyman MiBe of Trog (Orc:1)
  Josephine (D:11)
  7 boulder beetles
  4 ice dragons
  3 vault guards (D:13)
  4 catoblepae
  10 hydras
  The ghost of NoKap the Grappler, a novice TrMo of the Shining One (Lair:1)
  A hell beast (D:15)
  4 spriggan air magi
  4 centaur warriors
  An ogre mage (Depths:3)
  4 merfolk aquamancers (Shoals:4)
  4 merfolk avatars
  4 alligator snapping turtles
  23 dancing weapons
  8 two-headed ogres
  3 tengu warriors (D:13)
  9 deep troll shamans
  5 death yaks
  5 orc high priests
  7 spriggan berserkers
  5 deep troll earth magi
  8 hell knights
  A soul eater (Zot:1)
  A sun demon (Depths:2)
  13 deep elf knights
  2 skeletal warriors (D:15)
  10 iron trolls
  A salamander mystic (Volcano)
  A spark wasp zombie (D:15)
  2 sixfirhies
  A flayed ghost (D:15)
  2 glowing orange brains (Depths:2)
  12 sea snakes
  7 deep trolls
  7 deep elf archers
  An infernal demonspawn (Zot:1)
  An orange crystal statue (Elf:2)
  12 harpies
  A golden dragon skeleton (D:15)
  A kraken simulacrum (Shoals:4)
  3 wizards
  4 orc knights (Orc:2)
  12 orb spiders
  16 deep elf zephyrmancers
  26 wolf spiders
  2 necromancers
  4 salamanders (Volcano)
  5 orc sorcerers
  3 fauns (Shoals:2)
  27 deep elf pyromancers
  40 ugly things
  14 manticores
  8 cyclopes
  4 shining eyes
  A moth of wrath (shapeshifter) (Elf:1)
  17 moths of wrath
  A stone giant skeleton (D:15)
  Joseph (D:9)
  6 merfolk sirens
  6 black mambas
  A rust devil (Depths:2)
  A smoke demon (Lair:6)
  4 water nymphs (Shoals:3)
  3 eyes of devastation (Slime:5)
  5 torpor snails
  2 molten gargoyles (Volcano)
  5 orange demons
  11 cane toads
  18 demonic crawlers
  11 rime drakes
  2 kobold demonologists
  An efreet (D:15)
  A spriggan zombie (D:15)
  A hellwing (Zot:5)
  7 komodo dragons
  2 tengu conjurers
  A queen bee (Spider:1)
  25 merfolk
  2 ice devils (Depths:2)
  A troll (shapeshifter) (Elf:2)
  4 red devils (Lair:6)
  4 trolls
  2 polar bears
  40 jumping spiders
  4 meliai
  4 wind drakes
  A raiju (D:10)
  18 hornets
  A slime creature (shapeshifter) (Depths:3)
  6 snapping turtles
  A snapping turtle (shapeshifter) (Elf:1)
  26 dream sheep
  22 blink frogs
  58 slime creatures
  2 air elementals (Elf:3)
  48 redbacks
  5 spriggans
  8 wraiths
  6 wyverns
  A fire elemental (Elf:1)
  19 tarantellas
  8 water elementals
  Eustachio (D:6)
  5 hogs (Shoals:4)
  A fire bat (Volcano)
  8 humans (D:13)
  32 yaks
  5 basilisks
  9 vampire mosquitoes
  2 swamp worms (Lair:5)
  2 steam dragons
  2 acid dragons
  6 wargs
  12 water moccasins
  4 hell hounds (Lair:6)
  Duvessa (D:6)
  6 ice beasts
  2 hornet zombies (D:6)
  A swamp drake (D:6)
  13 ogres
  47 orc warriors
  4 black bears
  A black mamba simulacrum (Lair:1)
  2 sky beasts
  A tengu (Spider:4)
  4 necrophages
  22 wolves
  2 centaurs
  6 kobold brigands
  11 bullfrogs
  A gnoll sergeant (D:4)
  4 scorpions
  Blork the orc (D:4)
  2 earth elementals
  2 cane toad simulacra (Lair:1)
  Dowan (D:6)
  A water moccasin zombie (D:4)
  A wyvern zombie (D:6)
  A wyvern skeleton (D:7)
  2 water moccasin skeletons
  22 killer bees (Spider:1)
  A howler monkey (D:10)
  3 electric eels
  A bullfrog zombie (D:6)
  3 centaur zombies
  4 lava snakes
  3 centaur skeletons
  28 orc priests
  A water moccasin simulacrum (Lair:1)
  3 hounds (D:6)
  4 bullfrog skeletons
  3 jellies
  Crazy Yiuf (D:4)
  2 gnoll shamans
  Jessica (D:2)
  Terence (D:2)
  Natasha (thrice) (D:2)
  3 iguanas
  34 orc wizards
  5 hell rats (Lair:3)
  A killer bee zombie (D:7)
  A bullfrog simulacrum (Lair:1)
  A hound skeleton (D:4)
  A howler monkey zombie (D:6)
  11 gnolls
  6 adders
  A shadow imp (D:6)
  A white imp (D:7)
  An ufetubus (D:6)
  4 worms
  3 dart slugs
  99 orcs
  7 endoplasms
  2 giant cockroaches
  8 goblins
  6 hobgoblins
  5 quokkas
  5 ball pythons
  4 bats
  19 kobolds
  6 rats
  A tentacle (Shoals:4)
1686 creatures vanquished.

Vanquished Creatures (others)
  A green death (Zot:1)
  A deep elf zephyrmancer (Elf:2)
  A wind drake (Shoals:3)
  An air elemental (Elf:1)
  A human (D:13)
  A water elemental (Elf:1)
  3 orcs
  3 ball lightnings (Zot:1)
  35 fungi
  100 plants
  4 tentacles (Shoals:4)
  A withered plant (D:15)
152 creatures vanquished.

Grand Total: 1838 creatures vanquished

Notes
Turn   | Place    | Note
-------+----------+-------------------------------------------
     0 | D:1      | iamserjio the Octopode Wanderer began the quest for the
                  | Orb.
     0 | D:1      | iamserjio set off with the following items: a +2 hand
                  | crossbow, 27 bolts, a +0 shortbow, 23 arrows, 9 poisoned
                  | darts, a +0 dagger
     0 | D:1      | Reached XP level 1. HP: 16/16 MP: 3/3
   211 | D:1      | Found a faded altar of an unknown god.
   428 | D:1      | Reached XP level 2. HP: 21/21 MP: 5/5
  1135 | D:2      | Reached XP level 3. HP: 13/27 MP: 6/6
  1299 | D:2      | Noticed Terence
  1411 | D:2      | Found an iron altar of Okawaru.
  1411 | D:2      | Noticed Natasha
  1424 | D:2      | Killed Natasha
  1637 | D:2      | Became a worshipper of Warmaster Okawaru
  1831 | D:2      | Reached XP level 4. HP: 34/34 MP: 7/7
  1836 | D:2      | Noticed Jessica
  1849 | D:2      | Killed Jessica
  1850 | D:2      | Reached skill level 5 in Fighting
  2646 | D:2      | Noticed Natasha
  2654 | D:2      | Killed Natasha
  2655 | D:2      | Reached XP level 5. HP: 22/40 MP: 8/8
  3066 | D:2      | Found an iron altar of Okawaru.
  3159 | D:2      | Killed Terence
  3473 | D:2      | Noticed Natasha
  3482 | D:2      | Killed Natasha
  3988 | D:2      | Learned a level 3 spell: Mephitic Cloud
  4937 | D:3      | Reached XP level 6. HP: 17/47 MP: 4/9
  5211 | D:4      | Found a shadowy altar of Dithmenos.
  5230 | D:4      | Reached * piety under Okawaru
  5549 | D:4      | Reached XP level 7. HP: 16/54 MP: 2/10
  5877 | D:4      | Noticed Blork the orc
  5906 | D:4      | Killed Blork the orc
  5907 | D:4      | Reached skill level 1 in Invocations
  6276 | D:4      | Found a runed translucent door.
  6277 | D:4      | Noticed Crazy Yiuf
  6349 | D:4      | Killed Crazy Yiuf
  6384 | D:5      | Entered Level 5 of the Dungeon
  7107 | D:5      | Reached skill level 5 in Invocations
  7107 | D:5      | Reached skill level 1 in Shields
  7107 | D:5      | Reached XP level 8. HP: 61/61 MP: 11/11
  7315 | D:5      | Noticed a two-headed ogre
  7619 | D:5      | Reached ** piety under Okawaru
  7995 | D:6      | Reached skill level 5 in Shields
  8051 | D:6      | Found a staircase to the Ecumenical Temple.
  8365 | D:6      | Found the +15 Maxwell's patent armour {-Cast -Tele rElec
                  | Will+ rCorr}
  8367 | D:6      | Found a large runed translucent door.
  8368 | D:6      | Found a large runed translucent door.
  8372 | D:6      | Found a large runed translucent door.
  8372 | D:6      | Found a large runed translucent door.
  8540 | D:6      | Reached XP level 9. HP: 44/66 MP: 8/12
  8651 | D:6      | Noticed a manticore
  8680 | D:6      | Killed a manticore
  8981 | D:6      | Reached *** piety under Okawaru
  9196 | D:6      | Noticed a manticore
  9238 | D:7      | Found a flagged portal.
  9268 | Bailey   | Entered a bailey
  9268 | Bailey   | Noticed an orc knight
 10091 | D:6      | Reached skill level 1 in Dodging
 11025 | D:8      | HP: 3/66 [steam dragon/ball of steam (21)]
 11832 | D:8      | Reached XP level 10. HP: 67/72 MP: 9/13
 12191 | D:8      | Reached skill level 10 in Shields
 12205 | D:8      | Reached skill level 1 in Evocations
 12842 | D:8      | Learned a level 6 spell: Statue Form
 12872 | D:9      | Reached skill level 1 in Unarmed Combat
 13917 | D:9      | Noticed Joseph
 13935 | D:9      | Killed Joseph
 13936 | D:9      | Reached skill level 2 in Unarmed Combat
 14079 | D:9      | Reached skill level 5 in Dodging
 14629 | D:10     | Entered Level 10 of the Dungeon
 14637 | D:10     | Noticed a two-headed ogre
 14642 | D:10     | Killed a two-headed ogre
 14643 | D:10     | Reached skill level 3 in Unarmed Combat
 14643 | D:10     | Reached skill level 5 in Evocations
 14691 | D:10     | Noticed a two-headed ogre
 14700 | D:10     | Killed a two-headed ogre
 14700 | D:10     | Reached **** piety under Okawaru
 14701 | D:10     | Reached skill level 4 in Unarmed Combat
 14974 | D:10     | Found a staircase to the Lair.
 15159 | D:10     | Reached skill level 5 in Unarmed Combat
 15159 | D:10     | Reached XP level 11. HP: 77/77 MP: 11/14
 15276 | D:10     | Reached skill level 6 in Unarmed Combat
 16833 | D:6      | Reached skill level 7 in Unarmed Combat
 17013 | D:6      | HP: 3/77 [orc warrior (17)]
 17033 | D:6      | Noticed Eustachio
 17036 | D:6      | Killed Eustachio
 17443 | D:6      | Noticed Dowan
 17449 | D:6      | Noticed Duvessa
 17461 | D:6      | Killed Duvessa
 17463 | D:6      | Killed Dowan
 17489 | D:6      | Killed a manticore
 17489 | D:6      | Received a gift from Okawaru
 17520 | D:6      | Reached skill level 8 in Unarmed Combat
 18170 | D:11     | Noticed a two-headed ogre
 18174 | D:11     | Killed a two-headed ogre
 18547 | D:11     | Noticed a two-headed ogre
 18558 | D:11     | Killed a two-headed ogre
 18559 | D:11     | Reached skill level 9 in Unarmed Combat
 18713 | D:11     | Noticed a cyclops
 18723 | D:11     | Killed a cyclops
 18724 | D:11     | Reached XP level 12. HP: 82/82 MP: 13/15
 18944 | D:11     | Noticed Josephine
 18946 | D:11     | Received a gift from Okawaru
 19261 | D:11     | Killed Josephine
 19262 | D:11     | Reached skill level 10 in Unarmed Combat
 19536 | D:12     | Noticed Fannar
 19565 | D:12     | Killed Fannar
 20290 | D:12     | Noticed Rupert
 20393 | D:12     | Found a staircase to the Orcish Mines.
 20486 | Lair:1   | Entered Level 1 of the Lair of Beasts
 20528 | Lair:1   | Reached skill level 11 in Unarmed Combat
 20572 | Lair:1   | Reached skill level 1 in Transmutations
 20572 | Lair:1   | Reached skill level 1 in Earth Magic
 20597 | Lair:1   | Identified a scroll of acquirement
 20686 | Lair:1   | Found a runed translucent gate.
 20686 | Lair:1   | Found a runed translucent gate.
 20686 | Lair:1   | Found a runed translucent gate.
 20716 | Lair:1   | Noticed NoKap's ghost (novice TrMo)
 20857 | Lair:1   | Identified the +7 ring mail of Fedhas's Generosity {rElec
                  | rF+ Int-3}
 21345 | Lair:1   | Acquired a +1 hat of willpower
 21360 | Lair:1   | Learned a level 5 spell: Borgnjor's Vile Clutch
 21380 | Lair:2   | Found a hole to the Spider Nest.
 22497 | Lair:2   | Received a gift from Okawaru
 22742 | Lair:2   | Noticed a boulder beetle
 22754 | Lair:2   | Killed a boulder beetle
 22784 | Lair:2   | Noticed a catoblepas
 22801 | Lair:2   | Killed a catoblepas
 22802 | Lair:2   | Reached XP level 13. HP: 39/88 MP: 9/18
 23298 | Lair:2   | Reached skill level 5 in Transmutations
 23298 | Lair:2   | Reached skill level 5 in Earth Magic
 24681 | Lair:3   | Reached ***** piety under Okawaru
 25552 | Lair:3   | Reached skill level 5 in Spellcasting
 25576 | Lair:3   | Received a gift from Okawaru
 26025 | Lair:3   | Found a staircase to the Shoals.
 28042 | Lair:5   | Reached XP level 14. HP: 69/94 MP: 15/22
 28416 | Lair:5   | Got the Handbook of the Fiery Birds
 28540 | Lair:5   | Identified the +10 battleaxe of the Fortune-Teller {vorpal,
                  | rPois rCorr Str+3 Int-4} (Okawaru gifted it to you on level
                  | 5 of the Lair of Beasts)
 28540 | Lair:5   | Received a gift from Okawaru
 29318 | Lair:5   | Identified the ring "Aleov" {Will+ rCorr Dex+4 Slay+2}
 29575 | Lair:5   | Found a viscous altar of Jiyva.
 29576 | Lair:5   | Found a staircase to the Slime Pits.
 29782 | Lair:5   | Learned a level 5 spell: Silence
 29790 | Lair:5   | Learned a level 7 spell: Storm Form
 29793 | Lair:6   | Entered Level 6 of the Lair of Beasts
 31005 | Lair:6   | Reached skill level 10 in Transmutations
 31110 | Lair:6   | Reached skill level 10 in Earth Magic
 31233 | Lair:6   | Received a gift from Okawaru
 31780 | Lair:6   | Found a burning altar of Makhleb.
 32209 | Lair:6   | Found a gateway to Hell.
 32400 | Lair:1   | Identified the +0 buckler of Mental Paralysis {rElec Will+}
                  | (Okawaru gifted it to you on level 1 of the Lair of Beasts)
 32400 | Lair:1   | Received a gift from Okawaru
 32407 | Lair:1   | Killed NoKap's ghost
 32440 | Lair:1   | Got the ring of Ewebeq {Fire rElec Will+ Int+4}
 32993 | D:13     | Reached XP level 15. HP: 69/99 MP: 17/26
 33325 | D:13     | Found Tanilo's Armour Shop.
 33396 | D:13     | Found a gate to the Vaults.
 34258 | D:14     | Received a gift from Okawaru
 34801 | D:14     | Found a glowing golden altar of the Shining One.
 34867 | D:15     | Entered Level 15 of the Dungeon
 34869 | D:15     | Noticed Roxanne
 34881 | D:15     | Killed Roxanne
 35102 | D:15     | Reached skill level 10 in Fighting
 35335 | D:15     | Found a staircase to the Depths.
 35346 | D:15     | Received a gift from Okawaru
 36557 | Orc:1    | Entered Level 1 of the Orcish Mines
 36557 | Orc:1    | Noticed a vault warden
 36557 | Orc:1    | Noticed hofbold's ghost (journeyman MiBe)
 36557 | Orc:1    | Noticed a vault warden
 36557 | Orc:1    | Found a large runed translucent door.
 36557 | Orc:1    | Found a large runed translucent door.
 36557 | Orc:1    | Found a large runed translucent door.
 36557 | Orc:1    | Found a large runed translucent door.
 36557 | Orc:1    | Found a large runed translucent door.
 36557 | Orc:1    | Found a large runed translucent door.
 36557 | Orc:1    | Found a large runed translucent door.
 36557 | Orc:1    | Found a large runed translucent door.
 36748 | Orc:1    | Killed a vault warden
 36752 | Orc:1    | Killed a vault warden
 36756 | Orc:1    | Killed hofbold's ghost
 37007 | Orc:1    | Found a radiant altar of Vehumet.
 37064 | Orc:1    | Found Lexames's Antique Weapon Boutique.
 37124 | Orc:1    | Bought a warped flail for 178 gold pieces
 37124 | Orc:1    | Identified the +8 flail "Transmigrator" {flame, rPois
                  | Str+2} (You bought it in a shop on level 1 of the Orcish
                  | Mines)
 37124 | Orc:1    | Bought a war axe for 73 gold pieces
 37147 | Orc:1    | Received a gift from Okawaru
 37231 | Orc:2    | Entered Level 2 of the Orcish Mines
 37290 | Orc:2    | Found a dark tunnel.
 37295 | Volcano  | Entered a volcano
 37386 | Volcano  | Found a burning altar of Makhleb.
 37400 | Volcano  | Reached XP level 16. HP: 116/116 MP: 22/28
 37948 | Orc:2    | Found a staircase to the Elven Halls.
 38158 | Orc:2    | Noticed Nessos
 38160 | Orc:2    | Noticed Nessos
 38160 | Orc:2    | Nessos changed into Nessos the harpy
 38165 | Orc:2    | Killed Nessos the harpy
 38864 | Orc:2    | Received a gift from Okawaru
 39209 | Orc:2    | Found Qonajio's General Store.
 39209 | Orc:2    | Found Botivi's Jewellery Shop.
 39226 | Orc:2    | Found Xoc Vots's Antique Armour Boutique.
 39226 | Orc:2    | Found Perit's Antique Weapon Boutique.
 39240 | Orc:2    | Bought 2 potions of mutation for 192 gold pieces
 39240 | Orc:2    | Bought 2 potions of curing for 72 gold pieces
 39240 | Orc:2    | Bought a scroll of teleportation for 36 gold pieces
 39241 | Orc:2    | Bought a +4 ring of evasion for 468 gold pieces
 39255 | Orc:2    | Bought a +4 ring of evasion for 468 gold pieces
 39463 | D:12     | Killed Rupert
 39572 | Elf:1    | Entered Level 1 of the Elven Halls
 39762 | Elf:1    | Identified the -2 buckler of Compression {Dex+7} (Okawaru
                  | gifted it to you on level 1 of the Elven Halls)
 39762 | Elf:1    | Received a gift from Okawaru
 39962 | Elf:1    | You fall into a shaft and drop 1 floor!
 40058 | Elf:2    | Reached skill level 12 in Unarmed Combat
 40071 | Elf:2    | Found a runed translucent gate.
 40071 | Elf:2    | Found a runed translucent gate.
 40071 | Elf:2    | Found a runed translucent gate.
 40127 | Elf:2    | Reached skill level 15 in Fighting
 40201 | Elf:2    | Reached XP level 17. HP: 127/127 MP: 24/29
 40248 | Elf:2    | Identified the ring of Somietag {Fly Will+}
 41371 | Elf:1    | Reached ****** piety under Okawaru
 41509 | Elf:1    | Received a gift from Okawaru
 41825 | Elf:3    | Entered Level 3 of the Elven Halls
 41886 | Elf:3    | Reached skill level 13 in Unarmed Combat
 41956 | Elf:3    | Paralysed by an air elemental for 1 turns
 42673 | Elf:3    | Received a gift from Okawaru
 42756 | Elf:3    | Noticed an Executioner
 42778 | Elf:3    | Noticed a deep elf blademaster
 42785 | Elf:3    | Killed a deep elf blademaster
 42860 | Elf:3    | Identified the ring "Kiost" {Will+ rCorr Str+7 Dex-3}
 42860 | Elf:3    | Noticed a deep elf master archer
 42864 | Elf:3    | Killed a deep elf master archer
 43007 | Elf:3    | Got Wymianong's Grimoire of the Traveller
 43082 | Elf:3    | Found the +0 staff of Battle
 43082 | Elf:3    | Noticed a deep elf master archer
 43082 | Elf:3    | Noticed a deep elf blademaster
 43091 | Elf:3    | Killed a deep elf blademaster
 43093 | Elf:3    | Killed a deep elf master archer
 43141 | Elf:3    | Identified the +6 scimitar of Oozing Pus {elec, rF++ rN++
                  | Will-}
 43146 | Elf:3    | Identified the ring of Amiakif {Fire Str+3}
 43150 | Elf:3    | Got the Disquisition on Battle Magic and the Blaze
 43151 | Elf:3    | Identified the +8 great mace of Extermination {protect,
                  | rPois}
 43153 | Elf:3    | Identified the +6 long sword of the Secret Hosts {spect,
                  | Will- Dex+4}
 43154 | Elf:3    | Identified the ring "Qeus" {*Slow rN+ Will+ Str+2}
 43177 | Elf:3    | Identified the +0 kite shield of the Land of Plenty
                  | {Rampage *Corrode *Slow Fly}
 43200 | Elf:3    | Got the Guide on the Nocuous Volcanoes
 43202 | Elf:3    | Got the Handbook of Flight and Confrontation
 43207 | Elf:3    | Identified the +10 long sword of the Whale {venom, rC+ rN+
                  | Will+}
 44111 | Spider:1 | Entered Level 1 of the Spider Nest
 44135 | Spider:1 | Reached XP level 18. HP: 109/139 MP: 19/30
 44664 | Spider:1 | Received a gift from Okawaru
 44665 | Spider:1 | Reached skill level 14 in Unarmed Combat
 45068 | Spider:2 | Identified the +4 hunting sling of Kieptinn {freeze, rN+
                  | Will+ rCorr Int+6} (Okawaru gifted it to you on level 2 of
                  | the Spider Nest)
 45068 | Spider:2 | Received a gift from Okawaru
 45427 | Spider:3 | Acquired the ring of Aceakhlue {rF++ Will+ Str+6}
 45439 | Spider:3 | Reached skill level 15 in Unarmed Combat
 45977 | Spider:3 | Received a gift from Okawaru
 46462 | Spider:4 | Entered Level 4 of the Spider Nest
 46511 | Spider:4 | Reached skill level 16 in Unarmed Combat
 47045 | Spider:4 | Identified the +3 buckler of Mugivu Ughu {Int+9 Dex+4
                  | Stlth+} (Okawaru gifted it to you on level 4 of the Spider
                  | Nest)
 47045 | Spider:4 | Received a gift from Okawaru
 47076 | Spider:4 | Reached skill level 17 in Unarmed Combat
 47454 | Spider:4 | Got a gossamer rune of Zot
 47832 | Lair:3   | Learned a level 1 spell: Apportation
 47835 | Lair:3   | Learned a level 2 spell: Blink
 47839 | Lair:3   | Learned a level 3 spell: Swiftness
 47843 | Lair:3   | Learned a level 3 spell: Lesser Beckoning
 47867 | Shoals:1 | Entered Level 1 of the Shoals
 47877 | Shoals:1 | Reached XP level 19. HP: 146/146 MP: 20/31
 47883 | Shoals:1 | Noticed Jorgrun
 47893 | Shoals:1 | Killed Jorgrun
 47894 | Shoals:1 | Reached skill level 1 in Translocations
 48108 | Shoals:1 | You fall into a shaft and drop 1 floor!
 48179 | Shoals:2 | Noticed Ilsuiw
 48201 | Shoals:2 | Killed Ilsuiw
 48549 | Shoals:2 | Found Surotoe's Armour Shop.
 49323 | Shoals:3 | Reached skill level 5 in Translocations
 49405 | Shoals:3 | Noticed Louise
 49437 | Shoals:3 | Killed Louise
 49703 | Shoals:3 | Reached skill level 10 in Dodging
 50169 | Shoals:4 | Entered Level 4 of the Shoals
 50171 | Shoals:4 | Noticed Polyphemus
 50182 | Shoals:4 | Reached skill level 18 in Unarmed Combat
 50188 | Shoals:4 | Killed Polyphemus
 50223 | Shoals:4 | Noticed Bai Suzhen
 50229 | Shoals:4 | Killed Bai Suzhen
 50283 | Shoals:4 | Received a gift from Okawaru
 50644 | Shoals:4 | Got the Guide on Mutagenic Translocation
 50794 | Shoals:4 | Noticed Kirke
 50810 | Shoals:4 | Killed Kirke
 50842 | Shoals:4 | Got a barnacled rune of Zot
 50967 | Shoals:4 | Noticed Mlioglotl
 50971 | Shoals:4 | Killed Mlioglotl
 51221 | Shoals:4 | Found Couxzac's Book Boutique.
 51675 | Depths:1 | Entered Level 1 of the Depths
 51680 | Depths:1 | Reached XP level 20. HP: 153/153 MP: 24/32
 51706 | Depths:1 | Identified the +2 buckler of Cododor {Will+ Str+3} (Okawaru
                  | gifted it to you on level 1 of the Depths)
 51706 | Depths:1 | Received a gift from Okawaru
 52432 | Depths:2 | Found a one-way gate leading to the halls of Pandemonium.
 53630 | Depths:2 | Received a gift from Okawaru
 54046 | Depths:3 | Found Ziulom's Book Shoppe.
 54046 | Depths:3 | Found Buvuel's Antique Weapon Emporium.
 54050 | Depths:3 | Found Omoseple's Antique Weapon Shoppe.
 54068 | Depths:3 | Found a gateway to a ziggurat.
 54133 | Depths:3 | Found an opulent altar of Gozag.
 54811 | Depths:3 | Reached XP level 21. HP: 160/160 MP: 25/33
 54969 | Depths:3 | Found a one-way gate to the infinite horrors of the Abyss.
 55001 | Depths:3 | Noticed Saint Roka
 55015 | Depths:3 | Killed Saint Roka
 55233 | Depths:3 | Identified the ring "Ytolahe" {Fire MP+9 Str+4 Dex-4 SInv}
 55493 | Depths:4 | Entered Level 4 of the Depths
 55620 | Depths:4 | Noticed a golden dragon
 55629 | Depths:4 | Killed a golden dragon
 55657 | Depths:4 | Noticed Boris
 55660 | Depths:4 | Killed Boris
 55712 | Depths:4 | Identified the +3 hat of the Quahog {rPois rF+ rN+ Int-3}
                  | (Okawaru gifted it to you on level 4 of the Depths)
 55712 | Depths:4 | Received a gift from Okawaru
 56168 | Depths:4 | Found a gate to the Realm of Zot.
 56168 | Depths:4 | Noticed a golden dragon
 56168 | Depths:4 | Noticed a bone dragon
 56180 | Depths:4 | Killed a bone dragon
 56182 | Depths:4 | Killed a golden dragon
 57051 | Depths:4 | Received a gift from Okawaru
 57521 | Slime:1  | Entered Level 1 of the Pits of Slime
 57533 | Slime:1  | Reached skill level 19 in Unarmed Combat
 57549 | Slime:1  | Gained mutation: Potions are less effective at restoring
                  | your health. [a shining eye]
 57550 | Slime:1  | Gained mutation: You are weak. (Str -2) [a shining eye]
 57588 | Slime:2  | Reached XP level 22. HP: 176/176 MP: 26/34
 57854 | Slime:4  | Gained mutation: You are occasionally teleported next to
                  | monsters. [a shining eye]
 57861 | Slime:4  | Gained mutation: Your body sometimes deteriorates upon
                  | taking damage. [a shining eye]
 57863 | Slime:4  | Gained mutation: You tend to lose your temper in combat. [a
                  | shining eye]
 57873 | Slime:4  | Gained mutation: You are frail. (-10% HP) [a shining eye]
 57874 | Slime:4  | Gained mutation: You are very frail. (-20% HP) [a shining
                  | eye]
 57885 | Slime:3  | Reached XP level 23. HP: 145/145 MP: 35/35
 57886 | Slime:3  | Lost mutation: Your body sometimes deteriorates upon taking
                  | damage. [potion of mutation]
 57886 | Slime:3  | Lost mutation: You tend to lose your temper in combat.
                  | [potion of mutation]
 57886 | Slime:3  | Lost mutation: You are weak. (Str -2) [potion of mutation]
 57886 | Slime:3  | Gained mutation: You are partially covered in iridescent
                  | scales. (AC +2) [potion of mutation]
 57886 | Slime:3  | Gained mutation: You do not regenerate when monsters are
                  | visible. [potion of mutation]
 57887 | Slime:3  | Lost mutation: Potions are less effective at restoring your
                  | health. [potion of mutation]
 57887 | Slime:3  | Lost mutation: You are very frail. (-20% HP) [potion of
                  | mutation]
 57887 | Slime:3  | Lost mutation: You are partially covered in iridescent
                  | scales. (AC +2) [potion of mutation]
 57887 | Slime:3  | Gained mutation: One of your tentacles bears a spike.
                  | [potion of mutation]
 57887 | Slime:3  | Gained mutation: Your body sometimes deteriorates upon
                  | taking damage. [potion of mutation]
 57887 | Slime:3  | Gained mutation: You have hidden genetic potential. [potion
                  | of mutation]
 57887 | Slime:3  | Gained mutation: You are partially covered in iridescent
                  | scales. (AC +2) [potion of mutation]
 57888 | Slime:3  | Lost mutation: One of your tentacles bears a spike. [potion
                  | of mutation]
 57888 | Slime:3  | Gained mutation: You expend magic power (3 MP) to
                  | strengthen your wands. [potion of mutation]
 57889 | Slime:3  | Lost mutation: You do not regenerate when monsters are
                  | visible. [potion of mutation]
 57889 | Slime:3  | Lost mutation: You are frail. (-10% HP) [potion of
                  | mutation]
 57889 | Slime:3  | Lost mutation: Your body sometimes deteriorates upon taking
                  | damage. [potion of mutation]
 57889 | Slime:3  | Lost mutation: You are partially covered in iridescent
                  | scales. (AC +2) [potion of mutation]
 57889 | Slime:3  | Gained mutation: Your system is resistant to poisons.
                  | (rPois) [potion of mutation]
 57890 | Slime:3  | Lost mutation: You have hidden genetic potential. [potion
                  | of mutation]
 57890 | Slime:3  | Lost mutation: You expend magic power (3 MP) to strengthen
                  | your wands. [potion of mutation]
 57890 | Slime:3  | Lost mutation: Your system is resistant to poisons. (rPois)
                  | [potion of mutation]
 57890 | Slime:3  | Gained mutation: You expend magic power (3 MP) to
                  | strengthen your wands. [potion of mutation]
 57890 | Slime:3  | Gained mutation: You are clumsy. (Dex -2) [potion of
                  | mutation]
 57890 | Slime:3  | Gained mutation: You have a pair of small antennae on your
                  | head. [potion of mutation]
 57891 | Slime:3  | Lost mutation: You are occasionally teleported next to
                  | monsters. [potion of mutation]
 57891 | Slime:3  | Lost mutation: You are clumsy. (Dex -2) [potion of
                  | mutation]
 57891 | Slime:3  | Lost mutation: You expend magic power (3 MP) to strengthen
                  | your wands. [potion of mutation]
 57891 | Slime:3  | Gained mutation: Your spells are a little harder to cast,
                  | but a little more powerful. [potion of mutation]
 57891 | Slime:3  | Gained mutation: You are partially covered in iridescent
                  | scales. (AC +2) [potion of mutation]
 57973 | Slime:5  | Entered Level 5 of the Pits of Slime
 58032 | Slime:5  | Noticed the Royal Jelly
 58047 | Slime:5  | Found a viscous altar of Jiyva.
 58064 | Slime:5  | Reached skill level 20 in Unarmed Combat
 58382 | Slime:5  | Killed the Royal Jelly
 58495 | Slime:5  | Got a slimy rune of Zot
 58499 | Slime:5  | Got the Tome of the Volcanoes and the Frostbite
 58551 | Slime:5  | Got the Compendium of the Traveller
 58938 | Zot:1    | Entered Level 1 of the Realm of Zot
 59019 | Zot:1    | Received a gift from Okawaru
 59166 | Zot:1    | Noticed a golden dragon
 59176 | Zot:1    | Killed a golden dragon
 59233 | Zot:1    | Reached skill level 15 in Dodging
 59274 | Zot:1    | Noticed an orb of fire
 59283 | Zot:1    | Killed an orb of fire
 59324 | Zot:2    | Reached skill level 21 in Unarmed Combat
 59769 | Zot:3    | Reached skill level 22 in Unarmed Combat
 59774 | Zot:3    | Reached XP level 24. HP: 189/189 MP: 30/35
 59797 | Zot:3    | Noticed a curse toe
 59804 | Zot:3    | Killed a curse toe
 59851 | Zot:3    | Noticed a curse toe
 59859 | Zot:3    | Killed a curse toe
 59887 | Zot:3    | Got Sif Muna's Volume of Poisoning
 59898 | Zot:3    | Received a gift from Okawaru
 60371 | Zot:5    | Entered Level 5 of the Realm of Zot
 61100 | Zot:5    | Noticed an ancient lich
 61102 | Zot:5    | Killed an ancient lich
 61103 | Zot:5    | Noticed an orb of fire
 61107 | Zot:5    | Killed an orb of fire
 61110 | Zot:5    | Noticed an ancient lich
 61110 | Zot:5    | Noticed an orb of fire
 61110 | Zot:5    | Noticed an orb of fire
 61114 | Zot:5    | Killed an orb of fire
 61117 | Zot:5    | Killed an ancient lich
 61118 | Zot:5    | Reached skill level 10 in Evocations
 61118 | Zot:5    | Noticed an orb of fire
 61122 | Zot:5    | Killed an orb of fire
 61123 | Zot:5    | Noticed an ancient lich
 61123 | Zot:5    | Gained mutation: You occasionally shout uncontrollably at
                  | your foes. [an orb of fire]
 61125 | Zot:5    | Killed an orb of fire
 61128 | Zot:5    | Killed an ancient lich
 61129 | Zot:5    | Noticed an ancient lich
 61129 | Zot:5    | Noticed a Killer Klown
 61129 | Zot:5    | Noticed a Killer Klown
 61129 | Zot:5    | Noticed an orb of fire
 61129 | Zot:5    | Noticed an orb of fire
 61129 | Zot:5    | Noticed a curse toe
 61140 | Zot:5    | Killed an orb of fire
 61150 | Zot:5    | Killed an orb of fire
 61153 | Zot:5    | Killed a Killer Klown
 61173 | Zot:5    | Killed an ancient lich
 61176 | Zot:5    | Killed a curse toe
 61179 | Zot:5    | Noticed a Killer Klown
 61181 | Zot:5    | Killed a Killer Klown
 61181 | Zot:5    | Received a gift from Okawaru
 61412 | Zot:5    | Noticed a dread lich
 61418 | Zot:5    | Killed a dread lich
 61493 | Zot:5    | Reached skill level 23 in Unarmed Combat
 61677 | Zot:5    | Killed a Killer Klown
 61696 | Zot:5    | Reached XP level 25. HP: 195/195 MP: 34/35
 61860 | Zot:5    | Got the Orb of Zot
 61993 | Zot:1    | Reached skill level 15 in Evocations
 61995 | Zot:1    | Noticed Likkayba the pandemonium lord
 62002 | Zot:1    | Killed Likkayba the pandemonium lord
 62132 | Depths:2 | Received a gift from Okawaru
 62141 | Depths:1 | Noticed Huhewk the pandemonium lord
 62408 | D:4      | Received a gift from Okawaru
 62504 | D:$      | Escaped with the Orb!

Illustrated notes

Levels and vault maps discovered:
D:1:      kennysheep_arrival_forest, layout_basic,
          chequers_ecumenical_altar_simple
D:2:      layout_basic, basic_altar, minmay_hexomino_u4, uniq_jessica,
          uniq_terence, uniq_natasha
D:3:      layout_loops_ring
D:4:      layout_cave_pools, nicolae_dithmenos_the_darkroom, kennysheep_boxes,
          uniq_blork_the_orc, uniq_crazy_yiuf_cottage
D:5:      layout_loops_corners
D:6:      hangedman_cross_stitches, layout_loops_ring,
          minmay_temple_entry_stoned_glass, grunt_decor_arrowhead,
          minmay_hollow_rounded_squares, uniq_duvessa, uniq_eustachio
D:7:      minmay_general_purpose_star, layout_loops_ring, enter_bailey_3
D:8:      minmay_skewed_foursquare, layout_basic, special_room
          [special_room_orc]
D:9:      layout_irregular_city, uniq_joseph
D:10:     layout_big_octagon, erik_lair_orcish_takeover,
          kennysheep_generic_room_12
D:11:     layout_roguey, uniq_josephine
D:12:     layout_loops_cross, orc_0_dummy, statue_in_the_mist_lemuel,
          uniq_fannar, uniq_rupert
D:13:     layout_gridville, ximxim_vaults_locker_room, serial_shops,
          nicolae_shop_behind_doors
D:14:     layout_stronghold, infiniplex_staircase_spiral, tso_oasis_becter
D:15:     gammafunk_depths_entry_grave, layout_grid_maze,
          hangedman_decor_points, uniq_roxanne
Lair:1:   layout_gridlike, gammafunk_ghost_icy
Lair:2:   layout_cellular_growth, nicolae_spider_entry_tight_spaces
Lair:3:   layout_regular_city, minmay_shoals_entry_hut, grunt_megastairs_1,
          serial_bayou_shore_a
Lair:4:   layout_cave_pods, grunt_megastairs_4, lemuel_fruit_tree
Lair:5:   layout_roguey, slime_altar_1, worms_lemuel, lemuel_fruit_fields
Lair:6:   evil_forest, layout_regular_city, st_stairs_8, lemuel_fruit_fields
Shoals:1: layout_shoals, nicolae_shoals_beach_cooler, uniq_jorgrun
Shoals:2: layout_shoals, ldierk_geyser, nicolae_take_the_stairs, uniq_ilsuiw
Shoals:3: layout_shoals, uniq_louise
Shoals:4: shoals_end_grunt_ice, layout_shoals, serial_shops, shop, uniq_kirke,
          uniq_mlioglotl, uniq_polyphemus, uniq_bai_suzhen
Spider:1: layout_spider_delve, special_room [special_room_bee]
Spider:2: layout_spider_delve, drop_trap
Spider:3: layout_spider_delve
Spider:4: guppyfry_spider_rune, nicolae_spider_wall_of_niches
Slime:1:  nicolae_slime_jelly_donut, layout_caves
Slime:2:  layout_caves, cheibrodos_slime_lost_civilization_4
Slime:3:  cheibrodos_slime_lost_civilization_1, layout_caves
Slime:4:  layout_caves
Slime:5
Orc:1:    layout_caves, basic_altar, advil_vaults_ghost_lines, serial_shops,
          nicolae_diamond_shop
Orc:2:    st_orc_congregation, layout_caves, enter_volcano_4, uniq_nessos
Elf:1:    minmay_elf_arrival_summoners, layout_loops_ring,
          kennysheep_underground_church, lemuel_upstairs_altar
Elf:2:    nicolae_elf_blades_splatter_lattice
          [nicolae_blade_entry_diamond_columns], layout_gridlike, st_stairs_14,
          minivault_16, einodemon_crawler_minivault
Elf:3:    elf_hall_gauntlet_wide, layout_onion_city, nicolae_twisting_strands,
          hex_tiny
Depths:1: layout_forbidden_donut, amcnicky_mini_pool_small, hell_entry,
          wad_dig_loot
Depths:2: kennysheep_scales, layout_gridlike, rand_demon_pan_entry_3,
          nicolae_sextant, hell_entry, minmay_staircase_statues,
          kennysheep_random_hallway, firewood_loft
Depths:3: kennysheep_ogre_elephant_herders, layout_gridville, enter_ziggurat_e,
          grunt_gozag_breadcrumbs, abyss_entry_small_statue_room, hell_entry,
          infiniplex_staircase_pillars_3a, minmay_shop_star, uniq_saint_roka
Depths:4: grunt_x_marks_the_spot, layout_basic, serial_corexii_hall,
          corexii_hall_statues_x, chequers_hall_statues_corner_a,
          corexii_hall_statues_t, corexii_hall_statues_l, pan_entry, hell_entry,
          uniq_boris
Zot:1:    layout_basic, grunt_megastairs_2
Zot:2:    kennysheep_blocky_hall, layout_onion_interference, zot_minivault_1
Zot:3:    gammafunk_ghost_ooze, layout_basic, skrybe_zot_glass_2
Zot:4:    ebering_ghost_rock_garden, layout_basic
Zot:5:    layout_twisted_circle

Skill      XL: |  1  2  3  4  5  6  7  8  9 10 11 12 13 14 15 16 17 18 19 20 21 22 23 24 25 |
---------------+----------------------------------------------------------------------------+-----
Fighting       | 4 5 6 7 8 12 15 17 18 21 22 | 22.0
Invocations    | 5 7 8 9 |  9.0
Shields        | 1 6 9 10 | 10.0
Dodging        | 3 5 8 9 13 14 15 | 15.0
Evocations     | 5 6 13 15 | 15.8
Unarmed Combat | 5 9 11 12 13 17 18 19 22 23 | 23.0
Transmutations | 4 8 10 11 12 13 | 13.0
Earth Magic    | 4 8 10 11 | 11.0
Spellcasting   | 3 5 7 8 |  8.0
Translocations | 5 |  5.0
Crossbows      | |  2.0
Throwing       | |  1.0
Stealth        | |  1.3
Hexes          | |  1.0

Action                   |  1- 3 |  4- 6 |  7- 9 | 10-12 | 13-15 | 16-18 | 19-21 | 22-24 | 25-27 || total
-------------------------+-------+-------+-------+-------+-------+-------+-------+-------+-------++-------
Melee: Dagger            |     7 |    77 |   312 |       |       |       |       |       |       ||   396
       Constrict         |     2 |    17 |    54 |   102 |   138 |   215 |   142 |    58 |     7 ||   735
       Tentacles         |     1 |    19 |    82 |   152 |   255 |   271 |   295 |   144 |    26 ||  1245
       Punch             |       |       |     4 |    61 |   172 |   148 |   209 |   113 |    20 ||   727
       Short sword       |       |       |    15 |       |       |       |       |       |       ||    15
       Spear             |       |       |     3 |   139 |       |       |       |       |       ||   142
       Unarmed           |       |       |       |   517 |   966 |  1012 |   924 |   470 |    82 ||  3971
 Fire: Hand crossbow     |    62 |    64 |    13 |       |       |       |       |       |       ||   139
Throw: Dart              |       |     4 |    12 |    11 |     5 |     1 |       |       |       ||    33
       Throwing net      |       |       |     2 |       |       |       |       |     1 |       ||     3
 Cast: Statue Form       |       |       |       |       |    14 |    56 |    57 |    31 |     7 ||   165
Invok: Heroism           |       |     2 |    15 |    54 |    65 |    51 |    49 |    26 |     7 ||   269
       Finesse           |       |       |       |       |       |     1 |     2 |     5 |     3 ||    11
 Abil: End Transformatio |       |       |       |       |       |       |       |       |     1 ||     1
Evoke: Wand              |       |       |       |    26 |    17 |     3 |     2 |     3 |       ||    51
       Lightning rod     |       |       |       |     3 |     5 |       |       |       |       ||     8
  Use: Scroll            |       |     3 |    10 |     9 |    10 |    10 |       |     3 |     4 ||    49
       Potion            |       |       |     2 |     1 |     3 |     3 |       |    10 |     4 ||    23
 Stab: Sleeping          |       |     5 |     4 |     9 |    13 |     6 |     3 |       |       ||    40
       Held in net/web   |       |       |     1 |       |       |       |       |     1 |       ||     2
       Distracted        |       |       |       |     2 |     2 |       |     2 |       |     1 ||     7
       Paralysed         |       |       |       |       |     3 |       |       |       |       ||     3
       Invisible         |       |       |       |       |       |     1 |       |       |       ||     1
       Petrified         |       |       |       |       |       |       |     3 |       |       ||     3
Armor: Skin              |     1 |     9 |    21 |     9 |   121 |   275 |   147 |    73 |     9 ||   665
Dodge: Dodged            |    14 |    47 |   169 |   243 |   495 |   975 |   746 |   319 |    53 ||  3061
Block: Kite shield       |       |       |    58 |   336 |   611 |  1309 |  1128 |   383 |    84 ||  3909
       Reflection        |       |       |       |       |       |     9 |    38 |     8 |     4 ||    59

Table legend: (Time is in decaauts)
 A = Elapsed time spent in this place.
 B = Non-inter-level travel time spent in this place.
 C = Inter-level travel time spent in this place.
 D = Time resting spent in this place.
 E = Time spent auto-exploring this place.
 F = Levels seen in this place.
 G = Mean time per level.
                   A        B        C        D        E       F      G
               +--------+--------+--------+--------+--------+-----+--------+
         Total |  65305 |  61842 |   3463 |  16533 |  33102 |  50 | 1306.1 |
       Dungeon |  25717 |  24111 |   1606 |   7320 |  13239 |  15 | 1714.5 |
          Lair |  12276 |  11561 |    715 |   3599 |   6379 |   6 | 2046.0 |
        Shoals |   4000 |   3829 |    171 |    333 |   2378 |   4 | 1000.0 |
   Spider Nest |   4016 |   3889 |    127 |    543 |   2396 |   4 | 1004.0 |
    Slime Pits |   1197 |   1150 |     47 |    698 |      0 |   5 |  239.4 |
  Orcish Mines |   2936 |   2808 |    128 |    862 |   1212 |   2 | 1468.0 |
   Elven Halls |   4857 |   4712 |    145 |   1184 |   2292 |   3 | 1619.0 |
        Depths |   6486 |   6098 |    388 |    350 |   4609 |   4 | 1621.5 |
           Zot |   3543 |   3410 |    133 |   1642 |    594 |   5 |  708.6 |
        Bailey |      2 |      2 |      0 |      0 |      0 |   1 |    2.0 |
       Volcano |    269 |    269 |      0 |      0 |      0 |   1 |  269.0 |
               +--------+--------+--------+--------+--------+-----+--------+

Top non-repeatable levels by time:
  Lair:2: 3450 daAuts
     D:2: 3101 daAuts
     D:6: 2715 daAuts
  Lair:6: 2387 daAuts
   Elf:3: 2294 daAuts
     D:8: 2059 daAuts
Depths:4: 2053 daAuts
   Orc:2: 2040 daAuts
    D:10: 2008 daAuts
    D:15: 1889 daAuts
Depths:3: 1848 daAuts
  Lair:3: 1830 daAuts
     D:9: 1796 daAuts
     D:5: 1750 daAuts
  Lair:4: 1748 daAuts
